APP
CLEVELAND (APP) INDIANS @ TEXAS (APP) RANGERS
07/14/2047
 
TOP OF THE 1ST
Cleveland (APP) Indians batting - Pitching for Texas (APP) Rangers : RHP Bobby Scott
Pitching: RHP Bobby Scott
Batting: RHB Ricky Cordova 0-0: Ball
1-0: Ball
2-0: Foul Ball, location: 2F
2-1: Ball
3-1: Base on Balls
Batting: RHB Steve Gusman 0-0: Ball
1-0: Called Strike
1-1: Ball
2-1: Ball
3-1: SINGLE (Groundball, 6MD, EV 101.9 MPH)
Ricky Cordova to second
Runner from 2nd tries for 3rd, SAFE, throw by CF made to third
Batting: RHB Gary Ming 0-0: Swinging Strike
0-1: Ball
1-1: Foul Ball, location: 2F
1-2: 3-RUN HOME RUN (Flyball, 9D, EV 97.5 MPH), Distance : 356 ft
Batting: LHB Devon Grant 0-0: Swinging Strike
0-1: Called Strike
0-2: Ball
1-2: Ball
2-2: Strikes out swinging
Batting: RHB Luis Roman 0-0: Called Strike
0-1: Ball
1-1: Ground out 6-3 (Groundball, 6, EV 91.2 MPH)
Batting: RHB John Bianconi 0-0: Ball
1-0: Foul Ball, location: 2F
1-1: SINGLE (Groundball, 56D, EV 104.4 MPH)
Batting: RHB Andy Lewis 0-0: Called Strike
0-1: Hit by Pitch
John Bianconi to second
Batting: SHB Javon Mitchell 0-0: SINGLE (Groundball, 6S, EV 69.4 MPH) (infield hit)
John Bianconi to third
Andy Lewis to second
Batting: LHB Rich Walker 0-0: Ball
1-0: Called Strike
1-1: Ball
2-1: Foul Ball, location: 2F
2-2: Foul Ball, location: 2F
2-2: Foul Ball, location: 2F
2-2: Strikes out swinging
Top of the 1st over - 3 runs, 4 hits, 0 errors, 3 left on base; Cleveland (APP) 3 - Texas (APP) 0
BOTTOM OF THE 1ST
Texas (APP) Rangers batting - Pitching for Cleveland (APP) Indians : RHP Jeff Degel
Pitching: RHP Jeff Degel
Batting: SHB Tim Rogers 0-0: Swinging Strike
0-1: Ball
1-1: Ball
2-1: Swinging Strike
2-2: Ball
3-2: Foul Ball, location: 2F
3-2: Foul Ball, location: 2F
3-2: Base on Balls
Batting: SHB Zack Barton 0-0: Fielders Choice at 2nd, 3-6 (Groundball, 3, EV 90.0 MPH)
Batting: RHB Aaron Moore 0-0: Called Strike
0-1: Fly out, F9 (Flyball, 8RM, EV 83.8 MPH)
Batting: RHB Jerry Foster 0-0: Ball
1-0: Ball
Zack Barton steals 2nd base
2-0: Fly out, F9 (Flyball, 9, EV 86.9 MPH)
Bottom of the 1st over - 0 runs, 0 hits, 0 errors, 1 left on base; Cleveland (APP) 3 - Texas (APP) 0
TOP OF THE 2ND
Cleveland (APP) Indians batting - Pitching for Texas (APP) Rangers : RHP Bobby Scott
Batting: RHB Ricky Cordova 0-0: Ball
1-0: Fly out, F8 (Flyball, 8LS, EV 89.4 MPH)
Batting: RHB Steve Gusman 0-0: Ball
1-0: Hit by Pitch
Batting: RHB Gary Ming 0-0: Called Strike
0-1: Called Strike
0-2: Strikes out swinging
Batting: LHB Devon Grant 0-0: Foul Ball, location: 2F
0-1: Called Strike
0-2: Ball
1-2: Foul Ball, location: 2F
1-2: Foul Ball, location: 2F
1-2: Ball
2-2: Foul Ball, location: 2F
2-2: Strikes out swinging
Top of the 2nd over - 0 runs, 0 hits, 0 errors, 1 left on base; Cleveland (APP) 3 - Texas (APP) 0
BOTTOM OF THE 2ND
Texas (APP) Rangers batting - Pitching for Cleveland (APP) Indians : RHP Jeff Degel
Batting: RHB Luis Solorzano 0-0: Called Strike
0-1: Ball
1-1: Ball
2-1: Fly out, F5 (Popup, 6S, EV 78.8 MPH)
Batting: RHB Elias Sagrero 0-0: Ball
1-0: Ball
2-0: Called Strike
2-1: Swinging Strike
2-2: Ball
3-2: Foul Ball, location: 2F
3-2: Strikes out looking
Batting: RHB Ron Squires 0-0: Foul Ball, location: 2F
0-1: Ball
1-1: Ball
2-1: Fly out, F8 (Line Drive, 8LM, EV 102.5 MPH)
Bottom of the 2nd over - 0 runs, 0 hits, 0 errors, 0 left on base; Cleveland (APP) 3 - Texas (APP) 0
TOP OF THE 3RD
Cleveland (APP) Indians batting - Pitching for Texas (APP) Rangers : RHP Bobby Scott
Batting: RHB Luis Roman 0-0: Ball
1-0: Called Strike
1-1: Foul Ball, location: 2F
1-2: Foul Ball, location: 2F
1-2: Ball
2-2: Strikes out swinging
Batting: RHB John Bianconi 0-0: Called Strike
0-1: Ball
1-1: Ball
2-1: DOUBLE (Groundball, 5L, EV 105.0 MPH)
Batting: RHB Andy Lewis 0-0: Fly out, F3 (Popup, 3F, EV 68.8 MPH)
Batting: SHB Javon Mitchell 0-0: Ball
1-0: Ball
2-0: Ball
3-0: Base on Balls
Batting: LHB Rich Walker 0-0: Swinging Strike
0-1: Ball
1-1: Ball
2-1: Foul Ball, location: 2F
2-2: Strikes out looking
Top of the 3rd over - 0 runs, 1 hit, 0 errors, 2 left on base; Cleveland (APP) 3 - Texas (APP) 0
BOTTOM OF THE 3RD
Texas (APP) Rangers batting - Pitching for Cleveland (APP) Indians : RHP Jeff Degel
Batting: SHB Albert Ortiz 0-0: Called Strike
0-1: Ball
1-1: Foul Ball, location: 2F
1-2: Strikes out looking
Batting: LHB Bobby Scott 0-0: Swinging Strike
0-1: Ball
1-1: Swinging Strike
1-2: Strikes out swinging
Batting: SHB Tim Rogers 0-0: Swinging Strike
0-1: Called Strike
0-2: Ball
1-2: Strikes out looking
Bottom of the 3rd over - 0 runs, 0 hits, 0 errors, 0 left on base; Cleveland (APP) 3 - Texas (APP) 0
TOP OF THE 4TH
Cleveland (APP) Indians batting - Pitching for Texas (APP) Rangers : RHP Bobby Scott
Batting: RHB Ricky Cordova 0-0: Called Strike
0-1: Ball
1-1: Foul Ball, location: 2F
1-2: Foul Ball, location: 2F
1-2: Ball
2-2: Strikes out swinging
Batting: RHB Steve Gusman 0-0: Ball
1-0: Ball
2-0: Called Strike
2-1: Swinging Strike
2-2: Ball
3-2: Foul Ball, location: 2F
3-2: Strikes out swinging
Batting: RHB Gary Ming 0-0: Foul Ball, location: 2F
0-1: Called Strike
0-2: SINGLE (Line Drive, 34D, EV 95.6 MPH)
Batting: LHB Devon Grant 0-0: Ball
1-0: Ball
2-0: Swinging Strike
2-1: Swinging Strike
2-2: Foul Ball, location: 2F
2-2: Strikes out swinging
Top of the 4th over - 0 runs, 1 hit, 0 errors, 1 left on base; Cleveland (APP) 3 - Texas (APP) 0
BOTTOM OF THE 4TH
Texas (APP) Rangers batting - Pitching for Cleveland (APP) Indians : RHP Jeff Degel
Batting: SHB Zack Barton 0-0: Ball
1-0: Hit by Pitch
Batting: RHB Aaron Moore 0-0: Foul Ball, location: 2F
0-1: Ball
1-1: Fly out, F8 (Flyball, 78D, EV 105.0 MPH)
Batting: RHB Jerry Foster 0-0: Called Strike
0-1: Called Strike
Zack Barton steals 2nd base
0-2: Ball
1-2: Ball
2-2: Foul Ball, location: 2F
2-2: Foul Ball, location: 2F
2-2: Strikes out swinging
Batting: RHB Luis Solorzano 0-0: Swinging Strike
0-1: Ball
1-1: Called Strike
1-2: DOUBLE (Line Drive, 9LS, EV 88.8 MPH)
Zack Barton scores
Batting: RHB Elias Sagrero 0-0: Ball
1-0: DOUBLE (Flyball, 8RXD, EV 102.5 MPH)
Luis Solorzano scores
Batting: RHB Ron Squires 0-0: Called Strike
0-1: 2-RUN HOME RUN (Flyball, 78XD, EV 108.1 MPH), Distance : 410 ft
Batting: SHB Albert Ortiz 0-0: Ball
1-0: Foul Ball, location: 2F
1-1: Ball
2-1: Called Strike
2-2: Foul Ball, location: 2F
2-2: Ball
3-2: Base on Balls
Batting: LHB Bobby Scott 0-0: Foul Ball, location: 2F
0-1: Swinging Strike
0-2: Ground out 4-3 (Groundball, 4, EV 84.4 MPH)
Bottom of the 4th over - 4 runs, 3 hits, 0 errors, 1 left on base; Cleveland (APP) 3 - Texas (APP) 4
TOP OF THE 5TH
Cleveland (APP) Indians batting - Pitching for Texas (APP) Rangers : RHP Bobby Scott
Batting: RHB Luis Roman 0-0: Swinging Strike
0-1: Swinging Strike
0-2: Ball
1-2: Strikes out swinging
Batting: RHB John Bianconi 0-0: Called Strike
0-1: Foul Ball, location: 2F
0-2: Strikes out swinging
Batting: RHB Andy Lewis 0-0: Ball
1-0: Fly out, F9 (Flyball, 9, EV 88.1 MPH)
Top of the 5th over - 0 runs, 0 hits, 0 errors, 0 left on base; Cleveland (APP) 3 - Texas (APP) 4
BOTTOM OF THE 5TH
Texas (APP) Rangers batting - Pitching for Cleveland (APP) Indians : RHP Jeff Degel
Batting: SHB Tim Rogers 0-0: Ground out U3 (Groundball, 3, EV 86.2 MPH)
Batting: SHB Zack Barton 0-0: Called Strike
0-1: Fly out, F8 (Line Drive, 8RM, EV 91.2 MPH)
Batting: RHB Aaron Moore 0-0: Called Strike
0-1: Ball
1-1: Called Strike
1-2: Strikes out looking
Bottom of the 5th over - 0 runs, 0 hits, 0 errors, 0 left on base; Cleveland (APP) 3 - Texas (APP) 4
TOP OF THE 6TH
Cleveland (APP) Indians batting - Pitching for Texas (APP) Rangers : RHP Bobby Scott
Pitching: RHP Nick Ehrlich
Batting: SHB Javon Mitchell 0-0: Ball
1-0: Called Strike
1-1: Ground out 1-3 (Groundball, 13S, EV 71.9 MPH)
Batting: LHB Rich Walker 0-0: Ball
1-0: Ball
2-0: Ball
3-0: Base on Balls
Batting: RHB Ricky Cordova 0-0: Fly out, F2 (Popup, 2LF, EV 87.5 MPH)
Batting: RHB Steve Gusman 0-0: Swinging Strike
0-1: Ball
1-1: SINGLE (Groundball, 4MD, EV 98.8 MPH)
Rich Walker to second
Runner from 2nd tries for 3rd, SAFE, throw by CF made to third
Batting: RHB Gary Ming 0-0: Ball
1-0: Ball
2-0: Called Strike
2-1: Ball
3-1: Base on Balls
Steve Gusman to second
Batting: LHB Devon Grant 0-0: SINGLE (Line Drive, 6D, EV 96.2 MPH)
Rich Walker scores
Steve Gusman to third
Gary Ming to second
Runner from 3rd tries for Home, throw by CF and OUT! 8-2
Top of the 6th over - 1 run, 2 hits, 0 errors, 2 left on base; Cleveland (APP) 4 - Texas (APP) 4
BOTTOM OF THE 6TH
Texas (APP) Rangers batting - Pitching for Cleveland (APP) Indians : RHP Jeff Degel
Batting: RHB Jerry Foster 0-0: Ball
1-0: Called Strike
1-1: Called Strike
1-2: Foul Ball, location: 2F
1-2: Foul Ball, location: 2F
1-2: Foul Ball, location: 2F
1-2: Foul Ball, location: 2F
1-2: Foul Ball, location: 2F
1-2: Foul Ball, location: 2F
1-2: SOLO HOME RUN (Flyball, 78XD, EV 107.5 MPH), Distance : 425 ft
Batting: RHB Luis Solorzano 0-0: Swinging Strike
0-1: Ball
1-1: Ball
2-1: Fly out, F7 (Line Drive, 7S, EV 98.8 MPH)
Batting: RHB Elias Sagrero 0-0: Ball
1-0: Ground out U3 (Groundball, 34S, EV 84.4 MPH)
Batting: RHB Ron Squires 0-0: Ball
1-0: Ball
2-0: Called Strike
2-1: Ball
3-1: Base on Balls
Batting: SHB Albert Ortiz 0-0: Called Strike
0-1: DOUBLE (Line Drive, 9LD, EV 104.4 MPH)
Ron Squires to third
Runner from 3rd tries for Home, SAFE, throw by RF to home
Pitching: RHP Ian Nordquist
Batting: LHB Bobby Scott 0-0: Ball
1-0: Called Strike
1-1: SINGLE (Groundball, 56D, EV 100.6 MPH)
Albert Ortiz to third
Runner from 3rd tries for Home, throw by LF and OUT! 7-2
Bottom of the 6th over - 2 runs, 3 hits, 0 errors, 1 left on base; Cleveland (APP) 4 - Texas (APP) 6
TOP OF THE 7TH
Cleveland (APP) Indians batting - Pitching for Texas (APP) Rangers : RHP Nick Ehrlich
Batting: RHB Luis Roman 0-0: Called Strike
0-1: Foul Ball, location: 2F
0-2: Strikes out swinging
Batting: RHB John Bianconi 0-0: Foul Ball, location: 2F
0-1: Called Strike
0-2: Foul Ball, location: 2F
0-2: Strikes out swinging
Batting: RHB Andy Lewis 0-0: SINGLE (Line Drive, 9LS, EV 106.2 MPH)
Batting: SHB Javon Mitchell 0-0: Called Strike
Andy Lewis steals 2nd base
0-1: Ball
1-1: Ball
2-1: Swinging Strike
2-2: Foul Ball, location: 2F
2-2: Strikes out swinging
Top of the 7th over - 0 runs, 1 hit, 0 errors, 1 left on base; Cleveland (APP) 4 - Texas (APP) 6
BOTTOM OF THE 7TH
Texas (APP) Rangers batting - Pitching for Cleveland (APP) Indians : RHP Ian Nordquist
Batting: SHB Tim Rogers 0-0: Ball
1-0: Ball
2-0: Called Strike
2-1: Swinging Strike
2-2: SINGLE (Groundball, 3D, EV 101.2 MPH)
Batting: SHB Zack Barton 0-0: Ball
1-0: Bunt - Flyout to 3S! F3
Batting: RHB Aaron Moore 0-0: Called Strike
0-1: Fly out, F8 (Flyball, 8RD, EV 89.4 MPH)
Batting: RHB Jerry Foster 0-0: Called Strike
Pickoff Throw to First - Error! E1
Tim Rogers to second
0-1: Swinging Strike
0-2: Strikes out swinging
Bottom of the 7th over - 0 runs, 1 hit, 1 error, 1 left on base; Cleveland (APP) 4 - Texas (APP) 6
TOP OF THE 8TH
Cleveland (APP) Indians batting - Pitching for Texas (APP) Rangers : RHP Nick Ehrlich
Now in LF: Eddie Reyes
Batting: LHB Rich Walker 0-0: Called Strike
0-1: Ball
1-1: SOLO HOME RUN (Line Drive, 89XD, EV 103.8 MPH), Distance : 421 ft
Pinch Hitting: LHB Justin Rankin 0-0: Swinging Strike
0-1: Ball
1-1: Ball
2-1: Ball
3-1: Called Strike
3-2: Strikes out swinging
Batting: RHB Steve Gusman 0-0: SINGLE (Line Drive, 9S, EV 108.1 MPH)
Pitching: RHP Brad Sanchez
Batting: RHB Gary Ming 0-0: Ball
1-0: Ball
2-0: Ball
3-0: Base on Balls
Steve Gusman to second
Batting: LHB Devon Grant 0-0: Fielders Choice at 2nd, 4-6 (Groundball, 4, EV 88.8 MPH)
Steve Gusman to third
Pinch Hitting: LHB Shane Montalvo 0-0: Hit by Pitch
Devon Grant to second
Batting: RHB John Bianconi 0-0: Ball
1-0: Called Strike
1-1: Ball
2-1: Foul Ball, location: 2F
2-2: SINGLE (Groundball, 4MD, EV 98.8 MPH)
Steve Gusman scores
Devon Grant to third
Shane Montalvo to second
Runner from 3rd tries for Home, throw by CF and OUT! 8-2
Top of the 8th over - 2 runs, 3 hits, 0 errors, 2 left on base; Cleveland (APP) 6 - Texas (APP) 6
BOTTOM OF THE 8TH
Texas (APP) Rangers batting - Pitching for Cleveland (APP) Indians : RHP Ian Nordquist
Now at 1B: Shane Montalvo
Now at 3B: Luke Burnham
Now at SS: John Bianconi
Batting: RHB Luis Solorzano 0-0: Called Strike
0-1: Called Strike
0-2: Foul Ball, location: 2F
0-2: Strikes out looking
Batting: RHB Elias Sagrero 0-0: Foul Ball, location: 2F
0-1: DOUBLE (Line Drive, 8RXD, EV 109.4 MPH)
Batting: RHB Ron Squires 0-0: Ball
1-0: Ball
2-0: Called Strike
2-1: Called Strike
2-2: Fly out, F9 (Flyball, 9D, EV 99.4 MPH)
Runner from 2nd tags up, SAFE at 3rd, no throw by RF
Batting: SHB Albert Ortiz 0-0: Intentional Walk
Batting: LHB Bobby Scott 0-0: Ball
1-0: Foul Ball, location: 2F
1-1: Foul Ball, location: 2F
1-2: Ball
2-2: Foul Ball, location: 2F
2-2: Foul Ball, location: 2F
2-2: Ball
3-2: Strikes out looking
Bottom of the 8th over - 0 runs, 1 hit, 0 errors, 2 left on base; Cleveland (APP) 6 - Texas (APP) 6
TOP OF THE 9TH
Cleveland (APP) Indians batting - Pitching for Texas (APP) Rangers : RHP Brad Sanchez
Batting: RHB Andy Lewis 0-0: Ball
1-0: Ball
2-0: Called Strike
2-1: Called Strike
2-2: Strikes out swinging
Batting: SHB Javon Mitchell 0-0: Ground out 4-3 (Groundball, 4, EV 84.4 MPH)
Batting: LHB Rich Walker 0-0: Fly out, F9 (Flyball, 89M, EV 80.6 MPH)
Top of the 9th over - 0 runs, 0 hits, 0 errors, 0 left on base; Cleveland (APP) 6 - Texas (APP) 6
BOTTOM OF THE 9TH
Texas (APP) Rangers batting - Pitching for Cleveland (APP) Indians : RHP Ian Nordquist
Pitching: LHP David Ayala
Batting: SHB Tim Rogers 0-0: Foul Ball, location: 2F
0-1: Reached on error, E6 (Groundball, 6, EV 83.1 MPH)
Batting: SHB Zack Barton 0-0: Ball
1-0: Bunted foul
1-1: Bunt - Flyout to P! F1
Batting: RHB Aaron Moore 0-0: Called Strike
Tim Rogers is caught stealing 2nd base 2-4
0-1: Called Strike
0-2: Ball
1-2: Ball
2-2: Ball
3-2: Base on Balls
Batting: LHB Eddie Reyes 0-0: Ball
Aaron Moore steals 2nd base
1-0: Called Strike
1-1: SINGLE (Line Drive, 5D, EV 95.0 MPH)
Aaron Moore to third
Runner from 3rd tries for Home, SAFE, throw by LF to home
Bottom of the 9th over - 1 run, 1 hit, 1 error, 1 left on base; Cleveland (APP) 6 - Texas (APP) 7
Thursday, December 15th , 2022 - OOTP Baseball 23.9 Build 102